 Dungeon Crawl Stone Soup version 0.27-a0-103-g6cd7b45605 (webtiles) character file.

Game seed: 10510258509191387214

543 knot the Chopper (level 7, 71/78 HPs)
             Began as a Demonspawn Berserker on Jan 24, 2021.
             Was a Believer of Trog.
             Quit the game on level 2 of the Dungeon.
             The game lasted 00:04:18 (4055 turns).

knot the Chopper (Demonspawn Berserker)             Turns: 4055, Time: 00:04:18

Health: 71/78      AC:  5    Str: 18    XL:     7   Next: 6%
Magic:  7/7        EV: 11    Int: 10    God:    Trog [**....]
Gold:   86         SH:  0    Dex: 12    Spells: 6/6 levels left

rFire    . . .     SeeInvis .   a - +0 hand axe
rCold    . . .     Faith    .   (no shield)
rNeg     . . .     Spirit   .   s - +0 ring mail
rPois    .         Reflect  .   (helmet restricted)
rElec    .         Harm     .   (no cloak)
rCorr    .         Rampage  .   (no gloves)
Will     ++...                  (no boots)
Stlth    ..........             (no amulet)
HPRegen  1.23/turn              (no ring)
MPRegen  0.10/turn              (no ring)

@: berserking (expiring), regenerating, very quick
A: antennae 2, demonic guardian 1
a: Renounce Religion, Berserk, Trog's Hand


You were on level 2 of the Dungeon.
You worshipped Trog.
Trog was pleased with you.
You visited 1 branch of the dungeon, and saw 3 of its levels.

You collected 86 gold pieces.

Inventory:

Hand Weapons
 a - a +0 hand axe (weapon)
Missiles
 e - 124 stones
 h - 43 sling bullets
 k - 4 boomerangs
 w - 3 atropa-tipped darts (quivered)
Armour
 s - a +0 ring mail (worn)
Jewellery
 v - an uncursed ring of see invisible {unknown}
Scrolls
 b - a scroll of immolation {unknown}
 c - 3 scrolls of magic mapping {unknown}
 d - a scroll of remove curse {unknown}
 f - 2 scrolls of enchant weapon {unknown}
 n - a scroll of enchant armour {unknown}
 o - 2 scrolls of teleportation {unknown}
 u - 2 scrolls of identify {unknown}
 x - a scroll of amnesia {unknown}
Potions
 g - a potion of haste {unknown}
 i - 2 potions of flight {unknown}
 j - a potion of lignification {unknown}
 l - a potion of ambrosia {unknown}
 m - a potion of heal wounds {unknown}
 p - 2 potions of curing {unknown}
 q - a potion of magic {unknown}
 r - 2 potions of cancellation {unknown}
 t - a potion of invisibility {unknown}
 z - a potion of attraction {unknown}
 A - a potion of degeneration {unknown}


   Skills:
 - Level 3.0 Fighting
 + Level 7.4 Axes
 - Level 1.7 Armour
 - Level 1.7 Dodging


You had 6 spell levels left.
You didn't know any spells.
Your spell library was empty.

Dungeon Overview and Level Annotations

Branches:
Dungeon (3/15)

Altars:
Ashenzari
Makhleb
The Shining One

Annotations:
D:3 2 transporters, hehateme's ghost, amateur OgTm


Innate Abilities, Weirdness & Mutations

You have a pair of antennae on your head.
A weak demonic guardian rushes to your aid.


Message History

Sigmund closely misses you.
There is an open door here.
You hit Sigmund.
Sigmund is lightly wounded.
You closely miss Sigmund.
Sigmund is lightly wounded.
You barely miss Sigmund.
Sigmund is lightly wounded.
Sigmund barely misses you.
You slice Sigmund!!
Sigmund is severely wounded.
You slash Sigmund!
You kill Sigmund!
Trog accepts your kill.
Trog appreciates your killing of a magic user.
Your Axes skill increases to level 7!
You have reached level 7!
Your demonic ancestry asserts itself...
You feel the presence of a demonic guardian.
Are you sure you want to abandon this character and quit the game? (Confirm with "yes".)

####..##....{...# #.# #.#
.♣##.######.##### #{# #.# ..##.#
#.# #.# #.# .♣##.# ##'## #.# #.#
..#### ##...## ##.## #.. ###
##.....## ##...## ### ####
##.......## #.....# ##
##.####........)####....########.
......+.........@.......)........
...####.........####.....).#####.
....# ##.......## ##..###.# ##.
##..# ##.....## #..# #.# #.# #..#
##...## #..# #.# ##. #... ##'##
#... #.# ## .###. #.# #.##.#.#
### .# [.. #.# #.# .#.# #.. #
.....#?## .# #.#


There were no monsters in sight!

Vanquished Creatures
  Grinder (D:3)
  Sigmund (D:2)
  A crimson imp (D:2)
  Jessica (D:3)
  Robin (D:3)
  3 adders
  An ooze (D:2)
  2 worms (D:2)
  2 dart slugs
  2 leopard geckos (D:2)
  3 orcs (D:3)
  6 bats
  2 giant cockroaches
  19 goblins
  7 hobgoblins
  4 jackals (D:2)
  4 kobolds
  2 quokkas (D:2)
  2 ball pythons (D:2)
  3 frilled lizards (D:2)
  3 rats (D:3)
70 creatures vanquished.

Notes
Turn   | Place    | Note
-------+----------+-------------------------------------------
     0 | D:1      | knot the Demonspawn Berserker began the quest for the Orb.
     0 | D:1      | Reached XP level 1. HP: 18/18 MP: 1/1
     6 | D:1      | Noticed a polar bear
     6 | D:1      | Noticed a black mamba
     6 | D:1      | Noticed a hog
    64 | D:1      | Found a broken altar of Ashenzari.
   105 | D:1      | Reached skill level 3 in Axes
   201 | D:1      | Gained mutation: You have a pair of small antennae on your
                  | head. [demonic ancestry]
   201 | D:1      | Reached XP level 2. HP: 24/24 MP: 2/2
  1110 | D:2      | Found a faded altar of an unknown god.
  1267 | D:2      | Found a burning altar of Makhleb.
  1267 | D:2      | Noticed a crimson imp
  1285 | D:2      | Killed a crimson imp
  1286 | D:2      | Reached skill level 4 in Axes
  1286 | D:2      | Reached XP level 3. HP: 19/29 MP: 3/3
  1590 | D:2      | Reached XP level 4. HP: 25/35 MP: 4/4
  2016 | D:2      | Noticed Sigmund
  2082 | D:3      | Found a transporter.
  2084 | D:3      | Found a transporter.
  2084 | D:3      | Noticed hehateme's ghost (amateur OgTm)
  2134 | D:3      | Noticed Jessica
  2141 | D:3      | Killed Jessica
  2215 | D:3      | Noticed a necrophage
  2228 | D:3      | Reached ** piety under Trog
  2244 | D:3      | Reached skill level 5 in Axes
  2400 | D:3      | Noticed Robin
  2413 | D:3      | Killed Robin
  2418 | D:3      | Reached XP level 5. HP: 41/41 MP: 5/5
  2665 | D:3      | Noticed Grinder
  2696 | D:3      | Killed Grinder
  2697 | D:3      | Reached skill level 6 in Axes
  2697 | D:3      | Gained mutation: You have a pair of antennae on your head.
                  | [demonic ancestry]
  2697 | D:3      | Reached XP level 6. HP: 29/47 MP: 6/6
  3849 | D:2      | Found a glowing golden altar of the Shining One.
  4054 | D:2      | Killed Sigmund
  4055 | D:2      | Reached skill level 7 in Axes
  4055 | D:2      | Gained mutation: A weak demonic guardian rushes to your
                  | aid. [demonic ancestry]
  4055 | D:2      | Reached XP level 7. HP: 52/52 MP: 7/7
  4055 | D:2      | Quit the game

Illustrated notes

Levels and vault maps discovered:
D:1:      onia_arrival_zoo_common, layout_loops_cross, hangedman_decor_riveting,
          evilmike_ruin_ashenzari
D:2:      layout_loops_corners, makhleb_grotto_becter,
          chequers_ecumenical_altar_twisty, tso_altar, uniq_sigmund
D:3:      layout_loops_ring, gammafunk_ghost_mausoleum, uniq_robin,
          uniq_grinder, uniq_jessica

Skill      XL: |  1  2  3  4  5  6 |
---------------+-------------------+-----
Axes           | 3 4 5 6 7 |  7.4
Fighting       | |  3.0
Armour         | |  1.7
Dodging        | |  1.7

Action                   |  1- 3 |  4- 6 |  7- 9 || total
-------------------------+-------+-------+-------++-------
Melee: Hand axe          |    60 |   159 |       ||   219
Throw: Dart              |       |     7 |       ||     7
       Stone             |       |     1 |       ||     1
Invok: Berserk           |     3 |     5 |       ||     8
       Trog's Hand       |       |     4 |       ||     4
 Stab: Sleeping          |       |     1 |       ||     1
Armor: Animal skin       |     3 |     3 |       ||     6
       Ring mail         |       |    31 |       ||    31
Dodge: Dodged            |    37 |    76 |       ||   113

Table legend: (Time is in decaauts)
 A = Elapsed time spent in this place.
 B = Non-inter-level travel time spent in this place.
 C = Inter-level travel time spent in this place.
 D = Time resting spent in this place.
 E = Time spent auto-exploring this place.
 F = Levels seen in this place.
 G = Mean time per level.
                   A        B        C        D        E       F      G
               +--------+--------+--------+--------+--------+-----+--------+
         Total |   4121 |   4001 |    120 |   1217 |   2270 |   3 | 1373.7 |
       Dungeon |   4121 |   4001 |    120 |   1217 |   2270 |   3 | 1373.7 |
               +--------+--------+--------+--------+--------+-----+--------+

Top non-repeatable levels by time:
     D:2: 2144 daAuts
     D:3: 1226 daAuts
     D:1: 750 daAuts
